 Dungeon Crawl Stone Soup version 0.29-a0-334-gb41bcbb86e (webtiles) character file.

Game seed: 6123698594734211785

103 spaghetti the Digger (level 4, -1/30 HPs)
             Began as a Demonspawn Earth Elementalist on Apr 14, 2022.
             Slain by an ogre
             ... wielding a +0 giant spiked club
              (26 damage)
             ... on level 4 of the Dungeon.
             The game lasted 00:04:53 (4064 turns).

spaghetti the Digger (DsEE)                         Turns: 4064, Time: 00:04:54

Health: -1/30      AC:  4    Str: 15    XL:     4   Next: 51%
Magic:  3/8        EV: 12    Int: 18    God:
Gold:   142        SH:  0    Dex: 13    Spells: 3/9 levels left

rFire   . . .      SeeInvis .   t - +0 war axe (elec) {axe}
rCold   . . .      Faith    .   (no shield)
rNeg    + . .      Spirit   .   b - +0 robe
rPois   .          Reflect  .   (helmet restricted)
rElec   .          Harm     .   (no cloak)
rCorr   .          Rampage  .   (no gloves)
Will    .....                   (no boots)
Stlth   ++........              (no amulet)
HPRegen 0.10/turn               q - +6 ring of strength
MPRegen 0.11/turn               x - ring of positive energy

@: no status effects
A: horns 2, yellow scales 1
a: no special abilities


You were on level 4 of the Dungeon.
You visited 1 branch of the dungeon, and saw 4 of its levels.

You collected 142 gold pieces.


Innate Abilities, Weirdness & Mutations

You have a pair of horns on your head.
You are partially covered in yellow scales. (AC +2)


   Skills:
 - Level 1.7 Dodging
 - Level 1.7 Stealth
 - Level 3.0 Spellcasting
 + Level 3.0 Conjurations
 - Level 0.8 Transmutations
 - Level 3.1 Earth Magic


You had 3 spell levels left.
You knew the following spells:

 Your Spells              Type           Power      Damage    Failure   Level
a - Sandblast             Erth           26%        2d8       4%          1
b - Passwall              Tmut/Erth      7%         N/A       11%         2
c - Stone Arrow           Conj/Erth      26%        3d8       14%         3

Your spell library contained the following spells:

 Spells                   Type           Power      Damage    Failure   Level
 Petrify                  Tmut/Erth      9%         N/A       58%         4

Inventory:

Hand Weapons
 c - a +0 short sword {short}
   (You took it off a kobold on level 1 of the Dungeon)
 f - a +0 short sword {short}
   (You took it off a kobold on level 1 of the Dungeon)
 g - a +0 hunting sling {sling}
   (You found it on level 1 of the Dungeon)
 i - a +0 dagger {short}
   (You found it on level 1 of the Dungeon)
 t - a +0 war axe of electrocution (weapon) {axe}
   (You found it on level 3 of the Dungeon)
Missiles
 k - 38 stones (quivered) {throwing}
 s - 4 javelins {throwing}
 A - 3 curare-tipped darts {=fthrowing}
Armour
 b - a +0 robe (worn)
Jewellery
 q - a +6 ring of strength (left hand)
   (You found it on level 2 of the Dungeon)
 x - a ring of positive energy (right hand)
   (You found it on level 3 of the Dungeon)
Scrolls
 a - a scroll of holy word {unknown}
 d - a scroll of immolation {!r!r}
 h - a scroll of amnesia {unknown}
 l - 2 scrolls of identify {unknown}
 o - 2 scrolls of magic mapping {unknown}
 r - a scroll of silence {unknown}
 u - 2 scrolls of teleportation {unknown}
 w - a scroll of brand weapon {unknown}
 y - a scroll of vulnerability {unknown}
 z - a scroll of enchant armour {unknown}
 B - a scroll of noise {unknown}
Potions
 e - 3 potions of curing {unknown}
 j - 2 potions of brilliance {unknown}
 m - a potion of resistance {unknown}
 n - a potion of ambrosia {unknown}
 p - 3 potions of haste {unknown}
 v - a potion of heal wounds {unknown}

Dungeon Overview and Level Annotations

Branches:
Dungeon (4/15)
 Temple: D:4-7

Altars:
Fedhas
Makhleb

Shops:
D:1 ( D:3

[ ##.# )#.# .#
)#.# .#.# .#.#
..#.# ...#
#..#.# ####
.#..#.#
#.#..#.#
#.#..#O##
#.#..#@##
#.#..#.##
#.#..#.## ####
###......# ...#
###.#..#.#+#
#..#
###.#..#.###
#..#
###.#).#.###
#..#+#.#..#.###
#..#.#..#.###


You could see an ogre.


Message History

An orc is nearby!
An orc is nearby!
Casting: Sandblast (safe; 4% risk of failure)
Confirm with . or Enter, or press ? or * to list all spells.
Aiming: Sandblast (safe; 4% risk of failure)
Press: ? - help, Shift-Dir - straight line, f - orc
Aim: an orc, wielding a +0 club (79% to hit)
The blast of sand hits the orc!
You kill the orc!
k - 45 stones {throwing} An orc comes into view.
It is wielding a +0 hand axe.
Your Conjurations skill increases to level 3! 😎 MP[-1]
You lost 1 mp, and now have 7/8 mp.
Casting: Sandblast (safe; 4% risk of failure)
Confirm with . or Enter, or press ? or * to list all spells.
You can't see any susceptible monsters within range! (Use Z to cast anyway.)
The orc shouts!
You hear a shout!
You see here a +0 club {mace}.
Casting: Sandblast (safe; 4% risk of failure)
Confirm with . or Enter, or press ? or * to list all spells.
Aiming: Sandblast (safe; 4% risk of failure)
Press: ? - help, Shift-Dir - straight line, f - orc
Aim: an orc, wielding a +0 hand axe (79% to hit)
The blast of sand hits the orc.
k - 44 stones {throwing} 😎 MP[-1]
You lost 1 mp, and now have 6/8 mp.
Casting: Sandblast (safe; 4% risk of failure)
Confirm with . or Enter, or press ? or * to list all spells.
Aiming: Sandblast (safe; 4% risk of failure)
Press: ? - help, Shift-Dir - straight line, f/p - orc
Aim: an orc, wielding a +0 hand axe (severely wounded, 79% to hit)
The blast of sand hits the orc!
You kill the orc!
k - 43 stones {throwing} 😎 MP[-1]
You lost 1 mp, and now have 5/8 mp.
You see here a +0 hand axe {axe}.
Key pressed, stopping explore.
You open the door.
Found a stone staircase leading down.
There is an open door here. 😎 MP[+3]
Your mp is fully restored (8).
You now have 124 gold pieces (gained 15).
You now have 134 gold pieces (gained 10).
You now have 142 gold pieces (gained 8).
Key pressed, stopping explore.
You see here a +0 falchion {long}.
An ogre comes into view. It is wielding a +0 giant spiked club.
Casting: Sandblast (safe; 4% risk of failure)
Confirm with . or Enter, or press ? or * to list all spells.
Aiming: Sandblast (safe; 4% risk of failure)
Press: ? - help, Shift-Dir - straight line, f - ogre
Aim: an ogre, wielding a +0 giant spiked club (asleep, 100% to hit)
The blast of sand hits the ogre.
The ogre shouts!
k - 42 stones {throwing} 😎 MP[-1]
You lost 1 mp, and now have 7/8 mp.
Casting: Sandblast (safe; 4% risk of failure)
Confirm with . or Enter, or press ? or * to list all spells.
Aiming: Sandblast (safe; 4% risk of failure)
Press: ? - help, Shift-Dir - straight line, f/p - ogre
Aim: an ogre, wielding a +0 giant spiked club (lightly wounded, 90% to hit)
The blast of sand misses the ogre.
k - 41 stones {throwing} 😎 MP[-1]
You lost 1 mp, and now have 6/8 mp.
Casting: Sandblast (safe; 4% risk of failure)
Confirm with . or Enter, or press ? or * to list all spells.
Aiming: Sandblast (safe; 4% risk of failure)
Press: ? - help, Shift-Dir - straight line, f/p - ogre
Aim: an ogre, wielding a +0 giant spiked club (lightly wounded, 90% to hit)
The blast of sand hits the ogre!
k - 40 stones {throwing} The ogre hits you with a +0 giant spiked club. 😕 HP[-5] MP[-1]
You take 5 damage, and now have 25/30 hp.
You lost 1 mp, and now have 5/8 mp.
Casting: Sandblast (safe; 4% risk of failure)
Confirm with . or Enter, or press ? or * to list all spells.
Aiming: Sandblast (safe; 4% risk of failure)
Press: ? - help, Shift-Dir - straight line, f/p - ogre
Aim: an ogre, wielding a +0 giant spiked club (heavily wounded, 90% to hit)
The blast of sand hits the ogre.
k - 39 stones {throwing} 😕 MP[-1]
You lost 1 mp, and now have 4/8 mp.
Casting: Sandblast (safe; 4% risk of failure)
Confirm with . or Enter, or press ? or * to list all spells.
Aiming: Sandblast (safe; 4% risk of failure)
Press: ? - help, Shift-Dir - straight line, f/p - ogre
Aim: an ogre, wielding a +0 giant spiked club (heavily wounded, 90% to hit)
The blast of sand hits the ogre.
k - 38 stones {throwing} The ogre hits you with a +0 giant spiked club!!
Ouch! That really hurt!
You die...

Skill      XL: |  1  2  3  4 |
---------------+-------------+-----
Spellcasting   | 3 |  3.0
Earth Magic    | 3 |  3.1
Conjurations   | 2 3 |  3.0
Dodging        | |  1.7
Stealth        | |  1.7
Transmutations | |  0.8

Action                   |  1- 3 |  4- 6 || total
-------------------------+-------+-------++-------
Melee: Unarmed           |     1 |       ||     1
       Short sword       |    49 |       ||    49
       Headbutt          |     8 |     3 ||    11
       War axe           |       |    19 ||    19
Throw: Stone             |    16 |    33 ||    49
 Cast: Sandblast         |    53 |    16 ||    69
  Use: Scroll            |     1 |       ||     1
       Potion            |     1 |       ||     1
 Stab: Sleeping          |     3 |       ||     3
Armor: Robe              |    17 |     2 ||    19
Dodge: Dodged            |    55 |    16 ||    71

Levels and vault maps discovered:
D:1:      ebering_trefoil_twist, layout_basic, serial_shops,
          nicolae_shop_advertising_works [nicolae_subvault_shop_adworks],
          amcnicky_mini_corridor_feature
D:2:      layout_loops_corners, st_stairs_13, minmay_tiny_reverse_x
D:3:      layout_loops_ring, makhleb_altar_promises_db,
          mainiacjoe_overflow_surrounded_room, serial_shops, shop,
          dk_noncrumbling_2
D:4:      minmay_razor_zed, layout_basic

Notes
Turn   | Place    | Note
-------+----------+-------------------------------------------
     0 | D:1      | spaghetti the Demonspawn Earth Elementalist began the quest
                  | for the Orb.
     0 | D:1      | Reached XP level 1. HP: 13/13 MP: 3/3
     0 | D:1      | magus.rc [v1.9.6]
    87 | D:1      | HP: 2/13 [quokka (2)]
   704 | D:1      | Gained mutation: You have a pair of small horns on your
                  | head. [demonic ancestry]
   704 | D:1      | Reached XP level 2. HP: 19/19 MP: 0/5
   966 | D:1      | Reached skill level 3 in Spellcasting
   969 | D:1      | Learned a level 2 spell: Passwall
  1233 | D:1      | Found Kirghask's Weapon Emporium.
  1416 | D:1      | Reached skill level 3 in Earth Magic
  1589 | D:1      | Gained mutation: You are partially covered in yellow
                  | scales. (AC +2) [demonic ancestry]
  1589 | D:1      | Reached XP level 3. HP: 21/24 MP: 7/7
  1593 | D:1      | Learned a level 3 spell: Stone Arrow
  2405 | D:2      | Reached skill level 1 in Conjurations
  2856 | D:3      | Found Voohoukk's Armour Shop.
  3017 | D:3      | Reached skill level 2 in Conjurations
  3026 | D:3      | Gained mutation: You have a pair of horns on your head.
                  | [demonic ancestry]
  3026 | D:3      | Reached XP level 4. HP: 26/30 MP: 4/8
  3211 | D:3      | Found a blossoming altar of Fedhas.
  3279 | D:3      | Found a burning altar of Makhleb.
  3281 | D:3      | Noticed a green death
  3965 | D:4      | Reached skill level 3 in Conjurations
  4059 | D:4      | Noticed an ogre
  4064 | D:4      | Slain by an ogre

Vanquished Creatures
  3 adders (D:3)
  A worm (D:3)
  3 dart slugs
  6 orcs
  4 bats
  5 endoplasms
  2 giant cockroaches (D:1)
  3 goblins (D:3)
  6 hobgoblins
  4 jackals (D:2)
  2 quokkas (D:1)
  5 ball pythons
  7 frilled lizards
  6 kobolds
  4 rats
61 creatures vanquished.

Table legend:
 A = Non-vault XP
 B = Vault XP
 C = Vault XP percentage of total XP
 D = Non-vault monster count
 E = Vault monster count
 F = Vault count percentage of total count
                 A         B        C        D         E       F
            +---------+---------+-------+---------+---------+-------
      Total |     144 |       4 |   2.7 |      58 |       3 |   4.9
            +---------+---------+-------+---------+---------+-------
        D:1 |      42 |       0 |   0.0 |      26 |       0 |   0.0
        D:2 |      17 |       4 |  19.0 |      11 |       3 |  21.4
        D:3 |      70 |       0 |   0.0 |      16 |       0 |   0.0
        D:4 |      15 |       0 |   0.0 |       5 |       0 |   0.0
            +---------+---------+-------+---------+---------+-------

Illustrated notes

Table legend:
 A = Kills in this place as a percentage of kills in entire the game.
 B = Kills by you in this place as a percentage of kills by you in the entire game.
 C = Kills by friends in this place as a percentage of kills by friends in the entire game.
 D = Other kills in this place as a percentage of other kills in the entire game.
 E = Experience gained in this place as a percentage of experience gained in the entire game.
 F = Experience gained in this place divided by the number of levels of this place that you have seen.
                   A       B       C       D       E      F
               +-------+-------+-------+-------+-------+----------------------
         Total | 100.0 | 100.0 |   N/A |   N/A | 100.0 |  37.0
       Dungeon | 100.0 | 100.0 |   N/A |   N/A | 100.0 |  37.0
               +-------+-------+-------+-------+-------+----------------------

Table legend: (Time is in decaauts)
 A = Elapsed time spent in this place.
 B = Non-inter-level travel time spent in this place.
 C = Inter-level travel time spent in this place.
 D = Time resting spent in this place.
 E = Time spent auto-exploring this place.
 F = Levels seen in this place.
 G = Mean time per level.
                   A        B        C        D        E       F      G
               +--------+--------+--------+--------+--------+-----+--------+
         Total |   4080 |   3977 |    103 |    124 |   3404 |   4 | 1020.0 |
       Dungeon |   4080 |   3977 |    103 |    124 |   3404 |   4 | 1020.0 |
               +--------+--------+--------+--------+--------+-----+--------+

Top non-repeatable levels by time:
     D:1: 1895 daAuts
     D:3: 1064 daAuts
     D:2: 938 daAuts
     D:4: 181 daAuts
